 Dungeon Crawl Stone Soup version 0.23-a0-677-g07611c5 (webtiles) character file.

2873 Lanoc the Covert (level 9, -14/68 HPs)
             Began as a Naga Enchanter on Jan 9, 2019.
             Was a Priest of Dithmenos.
             Demolished by a two-headed ogre
             ... wielding a cursed +0 giant club
              (20 damage)
             ... on level 8 of the Dungeon.
             The game lasted 00:26:23 (7473 turns).

Lanoc the Covert (Naga Enchanter)                   Turns: 7473, Time: 00:26:24

Health: -14/68     AC:  6    Str: 16    XL:     9   Next: 76%
Magic:  6/15       EV: 11    Int: 19    God:    Dithmenos [***...]
Gold:   379        SH:  0    Dex: 12    Spells: 10/17 levels left

rFire    . . .     SeeInvis +   q - +3 dagger (vamp)
rCold    . . .     Gourm    .   (no shield)
rNeg     . . .     Faith    .   w - -2 leather armour (curse)
rPois    +         Spirit   .   (no helmet)
rElec    .         Reflect  .   r - +0 cloak (curse)
rCorr    .         Harm     .   p - +2 pair of gloves
MR       +....                  (no barding)
Stlth    ++++++....             (no amulet)
HPRegen  0.21/turn              g - +6 ring of strength (curse)
MPRegen  0.14/turn              (no ring)

@: about to teleport, wreathed by umbra, very slow
A: large, see invisible, deformed body, poison resistance, slowness 2, slow
metabolism 1, spit poison 1, AC +3
a: Spit Poison, Shadow Step, Renounce Religion


You were on level 8 of the Dungeon.
You worshipped Dithmenos.
Dithmenos was most pleased with you.
You were not hungry.

You visited 2 branches of the dungeon, and saw 9 of its levels.
You also visited: Ossuary.

You collected 379 gold pieces.

Inventory:

Hand Weapons
 c - a +2 antimagic dagger
 m - a +4 falchion
 q - a +3 vampiric dagger (weapon)
Armour
 o - a +2 robe of positive energy
 p - a +2 pair of gloves (worn)
 r - a cursed +0 cloak (worn)
 w - a cursed -2 leather armour (worn)
Jewellery
 g - a cursed +6 ring of strength (left hand)
Scrolls
 n - 2 scrolls of teleportation
 s - a scroll of fog
 v - 3 scrolls of noise {unknown}
 y - a scroll of remove curse {unknown}
Potions
 a - 6 potions of curing
 b - 3 potions of mutation
 e - a potion of berserk rage
 f - 3 potions of haste
 h - a potion of invisibility
 i - a potion of agility
 j - 2 potions of cancellation
 k - 3 potions of might
 l - 2 potions of brilliance
 u - a potion of heal wounds
 x - a potion of ambrosia
 z - a potion of resistance
 A - a potion of flight
 B - 2 potions of lignification {unknown}
Comestibles
 d - 14 rations
 t - 7 chunks of flesh


   Skills:
 * Level 6.6 Short Blades
 + Level 4.1 Dodging
 + Level 11.0 Stealth
 + Level 4.5 Spellcasting
 * Level 7.2 Hexes


You had 10 spell levels left.
You knew the following spells:

 Your Spells              Type           Power        Failure   Level  Hunger
a - Corona                Hex            ####...      1%          1    None
b - Ensorcelled Hibernat  Hex/Ice        ###...       5%          2    #......
c - Tukima's Dance        Hex            ####....     2%          3    ###....
d - Apportation           Tloc           #.....       16%         1    None

Your spell library contained the following spells:

 Spells                   Type           Power        Failure   Level  Hunger
 Confusing Touch          Hex            ####..       1%          1    None
 Confuse                  Hex            ####....     2%          3    ###....
 Dazzling Spray           Conj/Hex       ###...       11%         3    ###....
 Summon Guardian Golem    Hex/Summ       ###.....     11%         3    ###....
 Animate Skeleton         Necr           N/A          16%         1    None
 Pain                     Necr           #...         16%         1    None
 Summon Small Mammal      Summ           #...         16%         1    None
 Call Imp                 Summ           #.......     24%         2    #......
 Call Canine Familiar     Summ           #.......     43%         3    ###....
 Gell's Gravitas          Tloc           #.........   43%         3    ###....
 Regeneration             Chrm/Necr      #.........   43%         3    ###....
 Vampiric Draining        Necr           #.........   43%         3    ###....
 Metabolic Englaciation   Hex/Ice        ###.......   69%         5    ######.
 Yara's Violent Unravell  Hex/Tmut       ###.......   69%         5    ######.
 Animate Dead             Necr           N/A          85%         4    ####...
 Petrify                  Tmut/Erth      #.......     85%         4    ####...
 Summon Ice Beast         Ice/Summ       #.......     85%         4    ####...
 Summon Lightning Spire   Summ/Air       #.......     85%         4    ####...


Dungeon Overview and Level Annotations

Branches:
Dungeon (8/15)             Temple (1/1) D:4
   Lair: D:8-11

Altars:
Cheibriados
Dithmenos
Elyvilon
Fedhas
Gozag
Makhleb
Nemelex Xobeh
Qazlal
Ru
Uskayaw
Wu Jian

Shops:
D:8 [

Annotations:
D:3 2 transporters, Lanoc's ghost, weakling TrFi


Innate Abilities, Weirdness & Mutations

You cannot wear boots.
Your serpentine skin is tough. (AC +3)
You have supernaturally acute eyesight. (SInv)
Armour fits poorly on your strangely shaped body.
Your system is resistant to poisons. (rPois)
You cover ground very slowly.
You have a slow metabolism.
You can spit poison.


Message History

Press: ? - help, Shift-Dir - straight line, f/p - two-headed ogre
Aim: a two-headed ogre, wielding two +0 giant clubs (umbra, chance to defeat The two-headed ogre easily resists.
The two-headed ogre hits you with a cursed +0 giant club!
The two-headed ogre hits you with a +0 giant club.
Casting: Ensorcelled Hibernation (safe; 5% risk of failure)
Confirm with . or Enter, or press ? or * to list all spells.
Aiming: Ensorcelled Hibernation (safe; 5% risk of failure)
Press: ? - help, Shift-Dir - straight line, f/p - two-headed ogre
Aim: a two-headed ogre, wielding two +0 giant clubs (umbra, chance to defeat The two-headed ogre easily resists.
The two-headed ogre hits you with a cursed +0 giant club!
The two-headed ogre hits you with a +0 giant club!
* * * LOW HITPOINT WARNING * * *
Okay, then.
As you read the scroll of teleportation, it crumbles to dust.
You feel strangely unstable.
The two-headed ogre completely misses you.
The two-headed ogre hits you with a +0 giant club!!
You die...

..... ...
.?. ... #.#
#†# #o# #O#
#@##
#..#######
#..#.....#
#..#.....#
#........#
#.#......#
#.#......#
#.......<##
#..#......#


You could see a two-headed ogre and an orc.

Vanquished Creatures
  Prince Ribbit (D:6)
  Grinder (D:3)
  Sigmund (D:3)
  A water moccasin (D:8)
  An orc warrior (D:8)
  A black bear (D:4)
  A sky beast (D:7)
  2 centaurs
  3 ogres
  2 big kobolds
  Blork the orc (D:6)
  2 bullfrogs (D:6)
  A scorpion (D:8)
  3 wights (D:6)
  2 bullfrog zombies (D:6)
  4 centaur zombies
  3 crimson imps
  A hound (D:4)
  Crazy Yiuf (D:6)
  A jelly (D:7)
  5 orc wizards
  2 worker ants
  4 iguanas
  2 mummies (Ossuary)
  A worker ant zombie (D:7)
  12 gnolls
  10 adders
  A shadow imp (D:5)
  An ooze (D:6)
  An adder skeleton (D:4)
  2 worms
  2 dart slugs (D:1)
  7 leopard geckos
  22 orcs
  3 ball pythons (D:3)
  7 bats
  8 giant cockroaches
  2 gnoll zombies (Ossuary)
  6 goblins
  7 hobgoblins
  6 jackals
  14 kobolds
  3 quokkas
  6 frilled lizards
  A goblin zombie (Ossuary)
  2 orc zombies (Ossuary)
  8 rats
178 creatures vanquished.

Notes
Turn   | Place    | Note
-------+----------+-------------------------------------------
     0 | D:1      | Lanoc the Naga Enchanter began the quest for the Orb.
     0 | D:1      | Reached XP level 1. HP: 15/15 MP: 3/3
   217 | D:1      | Reached XP level 2. HP: 14/22 MP: 5/5
   583 | D:1      | Reached XP level 3. HP: 14/28 MP: 6/6
   613 | D:1      | Reached skill level 5 in Stealth
   626 | D:1      | Learned a level 2 spell: Ensorcelled Hibernation
   630 | D:1      | Learned a level 3 spell: Tukima's Dance
  1183 | D:2      | Reached XP level 4. HP: 31/36 MP: 2/7
  1360 | D:2      | Found an ornate altar of the Wu Jian Council.
  1416 | D:2      | Found a sparkling altar of Nemelex Xobeh.
  1450 | D:2      | Found a shadowy altar of Dithmenos.
  1472 | D:2      | Became a worshipper of Dithmenos the Shadowed
  1629 | D:2      | Found a stormy altar of Qazlal.
  1632 | D:2      | Noticed Sigmund
  2136 | D:3      | Found a hide-covered altar of Uskayaw.
  2345 | D:3      | Reached XP level 5. HP: 33/42 MP: 0/8
  2400 | D:3      | Reached skill level 6 in Stealth
  2737 | D:3      | Noticed Grinder
  2753 | D:3      | Reached * piety under Dithmenos
  2772 | D:3      | Noticed Lanoc's ghost (weakling TrFi)
  2991 | D:3      | Found a transporter.
  3009 | D:3      | Reached XP level 6. HP: 44/49 MP: 3/9
  3066 | D:3      | Killed Grinder
  3066 | D:3      | Reached skill level 7 in Stealth
  3285 | D:3      | Found a transporter.
  3476 | D:3      | Reached XP level 7. HP: 55/55 MP: 11/11
  3504 | D:3      | Killed Sigmund
  3913 | D:4      | Reached skill level 5 in Hexes
  4160 | D:4      | Found a staircase to the Ecumenical Temple.
  4167 | Temple   | Entered the Ecumenical Temple
  4328 | D:4      | Reached skill level 8 in Stealth
  4334 | D:4      | Reached XP level 8. HP: 62/62 MP: 7/12
  4507 | D:5      | Entered Level 5 of the Dungeon
  4620 | D:5      | Got an ichor-stained hand axe
  4781 | D:5      | Found a burning altar of Makhleb.
  4829 | D:5      | Reached ** piety under Dithmenos
  4995 | D:6      | Noticed Prince Ribbit
  5001 | D:6      | Killed Prince Ribbit
  5001 | D:6      | Reached skill level 5 in Short Blades
  5001 | D:6      | Reached skill level 9 in Stealth
  5376 | D:6      | Found an opulent altar of Gozag.
  5442 | D:6      | Found a runed door.
  5446 | D:6      | Noticed Crazy Yiuf
  5450 | D:6      | Killed Crazy Yiuf
  5592 | D:6      | Noticed Blork the orc
  5598 | D:6      | Killed Blork the orc
  5598 | D:6      | Reached XP level 9. HP: 68/68 MP: 11/14
  5619 | D:6      | Found a white marble altar of Elyvilon.
  5620 | D:6      | Identified the +5 hand axe "Zuhomm" {chop, rC+ MR+ MP+9}
                  | (You found it on level 5 of the Dungeon)
  5743 | D:6      | Reached skill level 10 in Stealth
  5759 | D:6      | Learned a level 1 spell: Apportation
  6368 | D:7      | Found a sand-covered staircase.
  6380 | Ossuary  | Entered an ossuary
  6583 | Ossuary  | Reached *** piety under Dithmenos
  7298 | D:8      | Found Nidar's Armour Boutique.
  7346 | D:8      | Reached skill level 11 in Stealth
  7462 | D:8      | Noticed a two-headed ogre
  7473 | D:8      | Demolished by a two-headed ogre

Vault maps used:
D:1:      sevenhm_arrival_forest_fort_small_5, st_stairs_11
D:2:      lemuel_round_altar, nemelex_xobeh_ov_fountains_minmay,
          nicolae_dithmenos_shadow_blocks, grunt_qazlal_sundering,
          kennysheep_minor_cross, uniq_sigmund
D:3:      eat_drink_and_be_merry_uskayaw, gammafunk_ghost_arena, uniq_grinder
D:4:      black_bear_nest_2, minmay_temple_entry_overgrown, serial_bayou,
          serial_bayou_shore_a, serial_bayou_lagoon_b, serial_bayou_pond_d,
          serial_bayou_ford_a
D:5:      lemuel_round_altar, first_ration
D:6:      overflow_temple_1_default, elyvilon_altar_1, uniq_prince_ribbit1,
          uniq_crazy_yiuf_cottage, uniq_blork_the_orc
D:7:      nicolae_ossuary_entry_ruins, nicolae_underground_beach
D:8:      serial_shops, shop
Temple:   cyrus_circular_temple
Ossuary:  ossuary_crypta

Skill      XL: |  1  2  3  4  5  6  7  8  9 |
---------------+----------------------------+-----
Stealth        | 5 6 7 8 9 11 | 11.0
Short Blades   | 2 3 4 5 6 |  6.6
Dodging        | 2 3 4 |  4.1
Hexes          | 4 5 6 7 |  7.2
Spellcasting   | 3 4 |  4.5

Action                   |  1- 3 |  4- 6 |  7- 9 || total
-------------------------+-------+-------+-------++-------
Melee: Dagger            |    97 |   177 |   387 ||   661
 Cast: Ensorcelled Hiber |       |     9 |    72 ||    81
       Tukima's Dance    |       |       |     1 ||     1
 Abil: Spit Poison       |     7 |    27 |    13 ||    47
  Use: Potion            |       |     2 |       ||     2
       Scroll            |       |       |    26 ||    26
 Stab: Sleeping          |     4 |    18 |    61 ||    83
  Eat: Chunk             |     1 |     6 |    14 ||    21
       Ration            |       |     2 |       ||     2
Armor: Robe              |    38 |    27 |    24 ||    89
       Leather armour    |       |       |    56 ||    56
Dodge: Dodged            |    64 |    84 |   192 ||   340

Table legend:
 A = Non-vault XP
 B = Vault XP
 C = Vault XP percentage of total XP
 D = Non-vault monster count
 E = Vault monster count
 F = Vault count percentage of total count
                 A         B        C        D         E       F
            +---------+---------+-------+---------+---------+-------
      Total |    2898 |    1207 |  29.4 |     159 |      19 |  10.7
            +---------+---------+-------+---------+---------+-------
        D:1 |      47 |       8 |  14.5 |      20 |       3 |  13.0
        D:2 |      95 |       0 |   0.0 |      22 |       0 |   0.0
        D:3 |     252 |     481 |  65.6 |      35 |       2 |   5.4
        D:4 |     230 |     133 |  36.6 |      17 |       1 |   5.6
        D:5 |     497 |       0 |   0.0 |      19 |       0 |   0.0
        D:6 |     948 |     403 |  29.8 |      24 |       3 |  11.1
        D:7 |     305 |       0 |   0.0 |      15 |       0 |   0.0
        D:8 |     524 |       0 |   0.0 |       7 |       0 |   0.0
    Ossuary |       0 |     182 | 100.0 |       0 |      10 | 100.0
            +---------+---------+-------+---------+---------+-------
